 Dungeon Crawl Stone Soup version 0.30-a0-758-gc2c871d025 (webtiles) character file.

Game seed: 2709279465873434278

31600 DEFE the Severer (level 13, -8/96 HPs)
             Began as a Djinni Berserker on Feb 10, 2023.
             Was an Elder of Trog.
             Mangled by an eight-headed hydra (9 damage)
             ... on level 2 of the Lair of Beasts.
             The game lasted 00:16:19 (18392 turns).

DEFE the Severer (Djinni Berserker)                Turns: 18392, Time: 00:16:20

Health: -8/96      AC: 19    Str: 20    XL:     13   Next: 97%
Gold:   495        EV: 12    Int: 10    God:    Trog [****..] SH:  0 Dex: 13

rFire   + + +      SeeInvis .    D - +3 flail
rCold   x . .      Faith    .    (no shield)
rNeg    . . .      Spirit   .    W - +1 plate armour of Cheibriados {+Blink rF+}
rPois   ∞          Reflect  .    L - +0 helmet
rElec   .          Harm     .    t - +1 cloak
rCorr   .          Rampage  .    (no gloves)
Will    +....                    (boots unavailable) Stlth
                                 (no amulet)
HPRegen 0.36/turn                r - +4 ring of slaying
MPRegen 0.00/turn                X - +5 ring of evasion

@: flying
A: sickness immunity, fire resistance 2, cold vulnerability 1, float, innate
caster, HP casting, extra vitality 1
a: Renounce Religion, Evoke Blink, Berserk, Trog's Hand, Brothers in Arms


You were on level 2 of the Lair of Beasts.
You worshipped Trog.
Trog was greatly pleased with you.
You visited 2 branches of the dungeon, and saw 15 of its levels.
You also visited: Ossuary.

You collected 933 gold pieces.
You spent 438 gold pieces at shops.

Inventory:

Hand Weapons
 a - a +0 hand axe
 u - a +2 whip of venom
 D - a +3 flail (weapon)
 J - a +2 whip of flaming
 N - a +3 war axe
Missiles
 h - 4 throwing nets (quivered)
Armour
 b - a +0 animal skin
 k - a +0 ring mail
 m - a +0 cloak
 q - +0 acid dragon scales
 t - a +1 cloak (worn)
 K - a +0 chain mail
 L - a +0 helmet (worn)
 P - a +0 troll leather armour
 W - the +1 plate armour of Cheibriados (worn) {+Blink rF+}
   (You found it on level 13 of the Dungeon)

   rF:        It protects you from fire.
   +Blink:    It lets you blink.
Jewellery
 r - a +4 ring of slaying (left hand)
 M - a ring of positive energy
 Q - a ring of positive energy
 R - an amulet of the acrobat
 T - a ring of fire
 U - a ring of positive energy
 X - a +5 ring of evasion (right hand)
 Y - an amulet of faith
 Z - a ring of resist corrosion
Wands
 d - a wand of iceblast (25)
 l - a wand of polymorph (5)
 v - a wand of paralysis (3)
 I - a wand of quicksilver (24)
Scrolls
 g - 5 scrolls of amnesia
 p - 6 scrolls of teleportation
 s - 2 scrolls of enchant armour
 y - 6 scrolls of poison
 A - 5 scrolls of enchant weapon
 C - 5 scrolls of noise
 E - 4 scrolls of fog
 F - 4 scrolls of identify
 V - 2 scrolls of magic mapping
Potions
 c - 5 potions of cancellation
 e - 5 potions of ambrosia
 f - a potion of haste
 i - 8 potions of curing
 n - 2 potions of mutation
 o - 8 potions of berserk rage
 w - 2 potions of might
 x - 4 potions of attraction
 z - a potion of resistance
 B - 2 potions of invisibility
 G - 5 potions of lignification
 H - 5 potions of flight
 O - 3 potions of brilliance
Miscellaneous
 S - a box of beasts


   Skills:
 - Level 10.0 Fighting
 + Level 15.5 Axes
 + Level 10.4 Armour
 - Level 2.1 Dodging


You couldn't memorise any spells.
You knew the following spells:

 Your Spells              Type           Power      Damage    Failure   Level
a - Foxfire               Conj/Fire      0%         2x1d4     99%         1
b - Call Imp              Summ           0%         N/A       100%        2
c - Tukima's Dance        Hex            0%         N/A       100%        3
d - Olgreb's Toxic Radia  Pois           0%         N/A       100%        4
e - Fulminant Prism       Conj/Hex       0%         3d5       100%        4
f - Arcjolt               Conj/Air       0%         1d10      100%        5
Your spell library was empty.


Dungeon Overview and Level Annotations

Branches:
Dungeon (13/15)            Temple (0/1) D:5            Lair (2/5) D:8
    Orc (0/2) D:11        Ossuary (visited)
  Swamp: Lair:2-3    Shoals: Lair:2-3     Snake: Lair:2-3    Spider: Lair:2-3
 Vaults: D:13-14

Altars:
Elyvilon
Gozag
Okawaru
Trog
Uskayaw
Wu Jian
Yredelemnul
Zin

Shops:
D:1 =   D:3 !   D:6 ?   D:8 ?*   D:13 *

Annotations:
D:13 3 runed translucent doors, Ijustatesigmund's ghost, journeyman DECj


Innate Abilities, Weirdness & Mutations

You are immune to sickness and miasma.
You are immune to poison.
Your flesh is very heat resistant. (rF++)
You are vulnerable to cold. (rC-)
You float through the air rather than walking.
You learn spells naturally, not from books.
Your magical power is your life essence.
You have superior vitality. (+4 MHP)


Message History

The eight-headed hydra bites you. The eight-headed hydra bites you!
The eight-headed hydra bites you. The eight-headed hydra bites you!
* * * LOW HITPOINT WARNING * * *
The eight-headed hydra bites you but does no damage.
The eight-headed hydra barely misses you.
The eight-headed hydra misses you.
You take 23 damage, and have 27/96 hp.
MASSIVE DAMAGE!!
You hit the eight-headed hydra. The eight-headed hydra bites you.
* * * LOW HITPOINT WARNING * * *
The eight-headed hydra misses you.
The eight-headed hydra bites you but does no damage.
The eight-headed hydra bites you!
* * * LOW HITPOINT WARNING * * *
The eight-headed hydra bites you but does no damage. x3
The eight-headed hydra bites you.
* * * LOW HITPOINT WARNING * * *
Unknown command.
You take 16 damage, and have 11/96 hp.
You barely miss the eight-headed hydra.
The eight-headed hydra closely misses you.
The eight-headed hydra bites you.
* * * LOW HITPOINT WARNING * * *
The eight-headed hydra bites you.
* * * LOW HITPOINT WARNING * * *
The eight-headed hydra closely misses you.
The eight-headed hydra bites you but does no damage.
The eight-headed hydra closely misses you.
The eight-headed hydra bites you but does no damage.
The eight-headed hydra misses you.
You take 5 damage, and have 6/96 hp.
Unknown command.
You thump the eight-headed hydra! The eight-headed hydra bites you.
* * * LOW HITPOINT WARNING * * *
The eight-headed hydra bites you but does no damage. x2
The eight-headed hydra closely misses you.
The eight-headed hydra misses you.
The eight-headed hydra bites you but does no damage. x2
The eight-headed hydra bites you!
You die...

....>..... ♣♣§§
♣♣........ ♣♣§§§
♣♣....... ♣§§§♣♣
♣........ ♣♣§§§§
♣........ ♣~§§§
♣♣....... ♣..~
♣........ ♣.D♣♣
♣♣....... ♣@.♣
♣....... ♣§§♣♣♣♣
♣.......
♣§....♣♣♣♣♣......#
♣♣♣♣...♣♣.......##
♣♣≈~~~...♣♣......#
♣≈~~≈~≈~♣♣.......##
♣≈≈≈≈~≈÷~♣♣.......#
♣≈≈~~~~...♣♣.....##
♣♣♣♣♣♣♣.÷♣♣......##


You could see an eight-headed hydra.

Vanquished Creatures
  Gastronok (Lair:1)
  Erolcha (D:11)
  A boulder beetle (D:12)
  A two-headed ogre (D:8)
  Nergalle (Lair:2)
  Pikel (D:6)
  3 ugly things (D:11)
  2 manticores
  2 cyclopes
  3 elephants (Lair:1)
  5 cane toads
  3 kobold demonologists (D:10)
  An unseen horror (D:12)
  6 komodo dragons
  2 trolls
  A hornet (D:7)
  5 blink frogs (Lair:2)
  Prince Ribbit (D:8)
  2 wraiths
  52 yaks
  2 wyverns
  6 basilisks
  Grum (D:11)
  13 vampire mosquitoes
  Menkaure (Ossuary)
  A swamp worm (Lair:2)
  8 water moccasins
  3 acid dragons
  An orc warrior (D:9)
  An ice beast (D:7)
  2 black bears (D:7)
  A sky beast (D:7)
  3 centaurs
  13 wolves
  An ogre (D:4)
  A phantom (D:5)
  A kobold brigand (D:10)
  4 bullfrogs
  A necrophage (D:6)
  A gnoll sergeant (D:10)
  4 scorpions
  11 wights
  14 killer bees
  8 howler monkeys
  2 jellies
  2 lava snakes (D:9)
  4 orc priests
  5 hounds
  2 gnoll boudas (D:8)
  Ijyb (D:3)
  17 iguanas
  7 orc wizards
  4 mummies
  12 gnolls
  5 adders
  A white imp (D:6)
  An ufetubus (D:4)
  3 worms
  2 dart slugs (D:1)
  26 orcs
  5 endoplasms
  4 giant cockroaches
  8 goblins
  6 hobgoblins
  10 jackals
  9 kobolds
  6 quokkas
  8 ball pythons
  4 bats
  3 frilled lizards
  3 gnoll skeletons (Ossuary)
  3 gnoll zombies (Ossuary)
  2 goblin skeletons (Ossuary)
  5 goblin zombies (Ossuary)
  6 hobgoblin skeletons (Ossuary)
  4 hobgoblin zombies (Ossuary)
  4 kobold skeletons (Ossuary)
  4 kobold zombies (Ossuary)
  7 orc skeletons (Ossuary)
  4 orc zombies (Ossuary)
  7 rats
  3 rat skeletons (Ossuary)
  5 rat zombies (Ossuary)
410 creatures vanquished.

Vanquished Creatures (collateral kills)
  A hydra (Lair:2)
  A komodo dragon (Lair:2)
  A frilled lizard (D:3)
3 creatures vanquished.

Vanquished Creatures (others)
  9 fungi
  23 plants
32 creatures vanquished.

Grand Total: 445 creatures vanquished

Notes
Turn   | Place    | Note
-------+----------+-------------------------------------------
     0 | D:1      | DEFE the Djinni Berserker began the quest for the Orb.
     0 | D:1      | Reached XP level 1. HP: 20/20 MP: 0/0
    89 | D:1      | Found Toeriuth's Jewellery Boutique.
   109 | D:1      | Reached XP level 2. HP: 13/25 MP: 0/0
   218 | D:1      | Reached skill level 3 in Axes
   546 | D:1      | Reached XP level 3. HP: 23/30 MP: 0/0
   546 | D:1      | Learned a level 1 spell: Foxfire
   851 | D:1      | Reached ** piety under Trog
  1169 | D:2      | Reached XP level 4. HP: 34/35 MP: 0/0
  1396 | D:2      | Reached skill level 4 in Axes
  1992 | D:3      | Reached XP level 5. HP: 35/40 MP: 0/0
  1992 | D:3      | Learned a level 2 spell: Call Imp
  2055 | D:3      | Found an iron altar of Okawaru.
  2120 | D:3      | Noticed Ijyb
  2131 | D:3      | Killed Ijyb
  2167 | D:3      | Found Ygrum's Antique Weapon Shoppe.
  2170 | D:3      | Found Zaicyino's Distillery.
  2189 | D:3      | Bought a potion of curing for 30 gold pieces
  2189 | D:3      | Bought a potion of might for 40 gold pieces
  2189 | D:3      | Bought a potion of attraction for 30 gold pieces
  2189 | D:3      | Bought a potion of curing for 30 gold pieces
  2212 | D:3      | Reached *** piety under Trog
  2425 | D:4      | Noticed an ogre
  2432 | D:4      | Killed an ogre
  2433 | D:4      | Reached skill level 5 in Axes
  2433 | D:4      | Reached XP level 6. HP: 46/46 MP: 0/0
  2756 | D:4      | Found an ornate altar of the Wu Jian Council.
  2834 | D:5      | Entered Level 5 of the Dungeon
  2898 | D:5      | Reached skill level 6 in Axes
  2898 | D:5      | Reached XP level 7. HP: 50/50 MP: 0/0
  2898 | D:5      | Learned a level 3 spell: Tukima's Dance
  2984 | D:5      | Found a sand-covered staircase.
  2995 | Ossuary  | Entered an ossuary
  3102 | Ossuary  | Reached **** piety under Trog
  3356 | Ossuary  | Reached skill level 7 in Axes
  3534 | Ossuary  | Noticed Menkaure
  3550 | Ossuary  | Killed Menkaure
  3551 | Ossuary  | Reached XP level 8. HP: 56/56 MP: 0/0
  3863 | D:5      | Found a staircase to the Ecumenical Temple.
  4522 | D:6      | Noticed Pikel
  4542 | D:6      | Killed Pikel
  4542 | D:6      | Reached ***** piety under Trog
  4543 | D:6      | Reached skill level 9 in Axes
  4745 | D:6      | Reached XP level 9. HP: 58/60 MP: 0/0
  4745 | D:6      | Learned a level 4 spell: Olgreb's Toxic Radiance
  4759 | D:6      | Found a white marble altar of Elyvilon.
  4913 | D:6      | Found Vaily's Magic Scroll Shoppe.
  4918 | D:6      | Bought 2 scrolls of identify for 56 gold pieces
  4918 | D:6      | Bought a scroll of noise for 14 gold pieces
  4918 | D:6      | Bought a scroll of identify for 28 gold pieces
  4918 | D:6      | Bought a scroll of identify for 28 gold pieces
  4918 | D:6      | Bought a scroll of teleportation for 42 gold pieces
  5390 | D:6      | Reached skill level 10 in Axes
  5933 | D:7      | Noticed a troll
  5960 | D:7      | Killed a troll
  6157 | D:7      | Reached skill level 11 in Axes
  6162 | D:7      | Noticed a cyclops
  6179 | D:7      | Killed a cyclops
  6180 | D:7      | Reached XP level 10. HP: 49/67 MP: 0/0
  6623 | D:7      | Reached skill level 5 in Fighting
  6960 | D:7      | Found a glowing silver altar of Zin.
  6986 | D:7      | Found a bloodstained altar of Trog.
  6987 | D:7      | Found a basalt altar of Yredelemnul.
  7893 | D:8      | Noticed Prince Ribbit
  7906 | D:8      | Killed Prince Ribbit
  7939 | D:8      | Found a staircase to the Lair.
  7982 | D:8      | Reached skill level 12 in Axes
  8047 | D:8      | Reached XP level 11. HP: 37/79 MP: 0/0
  8047 | D:8      | Learned a level 4 spell: Fulminant Prism
  8290 | D:8      | Found Iolaingo's Incredible Inventory.
  8297 | D:8      | Bought a potion of invisibility for 112 gold pieces
  8297 | D:8      | Bought a scroll of identify for 28 gold pieces
  8504 | D:8      | Found The Oracle's Delphic Readings.
  8707 | D:8      | Noticed a two-headed ogre
  8738 | D:8      | Killed a two-headed ogre
  9852 | D:9      | Found a hide-covered altar of Uskayaw.
  9871 | D:9      | Reached skill level 13 in Axes
 11064 | D:10     | Entered Level 10 of the Dungeon
 11246 | D:10     | Noticed a manticore
 11263 | D:10     | Killed a manticore
 11264 | D:10     | Reached XP level 12. HP: 29/91 MP: 0/0
 11302 | D:10     | HP: 3/91 [centaur (4)]
 11722 | D:10     | Reached skill level 10 in Fighting
 11839 | D:10     | Found an opulent altar of Gozag.
 12469 | D:10     | Noticed a sixfirhy
 12886 | D:11     | You are sucked into a shaft and drop 2 floors!
 12887 | D:13     | Found a runed translucent gate.
 12888 | D:13     | Found a runed translucent gate.
 12889 | D:13     | Found an opulent altar of Gozag.
 12890 | D:13     | Found a runed translucent gate.
 12894 | D:13     | Found Geyttich's Assorted Antiques.
 12894 | D:13     | Noticed a sea snake
 12894 | D:13     | Noticed a skeletal warrior
 12895 | D:13     | Noticed a five-headed hydra
 12895 | D:13     | Noticed a centaur warrior
 12896 | D:13     | Identified the +1 plate armour of Cheibriados {+Blink rF+}
 12896 | D:13     | Noticed a skeletal warrior
 12897 | D:13     | Noticed a skeletal warrior
 12897 | D:13     | Noticed Ijustatesigmund's ghost (journeyman DECj)
 12976 | D:12     | Noticed a boulder beetle
 12995 | D:12     | Killed a boulder beetle
 13259 | D:12     | Reached skill level 5 in Armour
 14089 | D:12     | Reached skill level 14 in Axes
 14673 | D:11     | Found a staircase to the Orcish Mines.
 14707 | D:11     | Noticed Grum
 14722 | D:11     | Killed Grum
 15380 | D:11     | Noticed Erolcha
 15430 | D:11     | Killed Erolcha
 15431 | D:11     | Reached XP level 13. HP: 96/96 MP: 0/0
 15431 | D:11     | Learned a level 5 spell: Arcjolt
 15771 | Lair:1   | Entered Level 1 of the Lair of Beasts
 16417 | Lair:1   | Reached skill level 15 in Axes
 17078 | Lair:1   | Noticed Gastronok
 17100 | Lair:1   | Killed Gastronok
 17403 | Lair:2   | Noticed Nergalle
 17413 | Lair:2   | Reached skill level 10 in Armour
 17415 | Lair:2   | Killed Nergalle
 18084 | Lair:2   | Noticed a four-headed hydra
 18095 | Lair:2   | Killed a seven-headed hydra
 18379 | Lair:2   | Noticed an eight-headed hydra
 18392 | Lair:2   | HP: 1/96 [eight-headed hydra (5)]
 18392 | Lair:2   | Mangled by an eight-headed hydra

Illustrated notes

Levels and vault maps discovered:
D:1:      wander_arrival_peaceful_grave, layout_loops_ring, serial_shops,
          nicolae_square_shop, minmay_misc_feat_cross, minmay_cut_off
D:2:      wad_crossroads, layout_basic
D:3:      layout_rooms, old_standard_altar, serial_shops,
          nicolae_shop_overgrown_old_shop, nicolae_shop_window_shopping,
          uniq_ijyb
D:4:      layout_basic, mainiacjoe_overflow_six_doors_small, st_stairs_5
D:5:      layout_loops_ring, minmay_temple_entry_proselytizer,
          gup_ossuary_entry_pyramid
D:6:      layout_loops_ring, mainiacjoe_overflow_alcove_2, serial_shops,
          nicolae_shop_hallway_plus, uniq_pikel
D:7:      minmay_opposing_rooms, layout_loops_corners,
          chequers_temple_overflow_statue_of_worship,
          nicolae_overflow_crystal_walls
D:8:      layout_basic, minmay_lair_entry_grove, nicolae_alphabet_shops,
          nicolae_nh_oracle_at_delphi, uniq_prince_ribbit1
D:9:      layout_cave_pods, nicolae_uskayaw_suspiria
D:10:     layout_stronghold, nicolae_overflow_hidden_temple
D:11:     layout_cave_pods, orc_0_dummy, uniq_erolcha, uniq_grum
D:12:     layout_basic
D:13:     layout_basic, hangedman_vaults_entry_quadrant_bands,
          ebering_ghost_gozag
Lair:1:   beast_lair_carwin_large_1, layout_regular_city, uniq_gastronok
Lair:2:   layout_long_grid, palyth_hydra_swamp_entry, serial_bayou_shore_b,
          uniq_nergalle

Skill      XL: |  1  2  3  4  5  6  7  8  9 10 11 12 13 |
---------------+----------------------------------------+-----
Axes           | 3 4 5 6 7 9 11 12 13 14 15 | 15.5
Fighting       | 4 7 9 10 | 10.0
Armour         | 7 10 | 10.4
Dodging        | |  2.1

Action                     |  1- 3 |  4- 6 |  7- 9 | 10-12 | 13-15 || total
---------------------------+-------+-------+-------+-------+-------++-------
  Melee: Hand axe          |   118 |   125 |       |       |       ||   243
         Whip              |       |    68 |   339 |   560 |       ||   967
         Unarmed           |       |     2 |       |       |       ||     2
         Punch             |       |       |     2 |    11 |     2 ||    15
         Flail             |       |       |       |   149 |    20 ||   169
         War axe           |       |       |       |       |   195 ||   195
 Invoke: Berserk           |     1 |     1 |     6 |    20 |     6 ||    34
         Trog's Hand       |       |       |     2 |     5 |     1 ||     8
  Evoke: Wand              |       |       |       |     6 |       ||     6
         Box of beasts     |       |       |       |     1 |       ||     1
    Use: Scroll            |       |     8 |     8 |     9 |     4 ||    29
         Potion            |       |       |       |     2 |       ||     2
   Stab: Paralysed         |       |       |       |     7 |       ||     7
         Distracted        |       |       |       |     1 |       ||     1
 Armour: Animal skin       |    25 |       |       |       |       ||    25
         Ring mail         |     7 |    69 |    42 |       |       ||   118
         Chain mail        |       |       |    41 |   246 |       ||   287
         Acid dragon scale |       |       |       |     2 |       ||     2
         Plate armour      |       |       |       |    82 |   136 ||   218
  Dodge: Dodged            |    92 |    99 |   105 |   251 |   122 ||   669

Table legend: (Time is in decaauts)
 A = Elapsed time spent in this place.
 B = Non-inter-level travel time spent in this place.
 C = Inter-level travel time spent in this place.
 D = Time resting spent in this place.
 E = Time spent auto-exploring this place.
 F = Levels seen in this place.
 G = Mean time per level.
                   A        B        C        D        E       F      G
               +--------+--------+--------+--------+--------+-----+--------+
         Total |  18442 |  17901 |    541 |   5631 |   9401 |  16 | 1152.6 |
       Dungeon |  15195 |  14709 |    486 |   4632 |   7801 |  13 | 1168.8 |
          Lair |   2627 |   2573 |     54 |    842 |   1444 |   2 | 1313.5 |
       Ossuary |    619 |    619 |      0 |    156 |    156 |   1 |  619.0 |
               +--------+--------+--------+--------+--------+-----+--------+

Top non-repeatable levels by time:
     D:7: 1988 daAuts
    D:12: 1780 daAuts
    D:10: 1712 daAuts
     D:8: 1618 daAuts
     D:9: 1606 daAuts
  Lair:1: 1460 daAuts
     D:6: 1407 daAuts
    D:11: 1174 daAuts
  Lair:2: 1167 daAuts
     D:5: 1013 daAuts
     D:1: 990 daAuts
     D:2: 974 daAuts
 Ossuary: 619 daAuts
     D:3: 495 daAuts
     D:4: 419 daAuts
